Map: Overgrown Facility

Players

Metalero - Winner!

  • Race: Terran Terran
  • Spawn Location: 9:00

AzmoDheus - Winner!

  • Race: Terran Terran
  • Spawn Location: 7:00

OpuS

  • Race: Protoss Protoss
  • Spawn Location: 1:00

Sketchaphone

  • Race: Zerg Zerg
  • Spawn Location: 3:00

VOD

Have the link to the VOD?

Description

Time

  • Played on: Jan. 22, 2019, 3:39 p.m.
  • Length: 13:39
Show
View Real Time Build Order
Export as new Build Order

Metalero Terran - Winner!

Build Orders: Gas First Reaper Expand 

Get SALT Encoding   

  12  0:01  SCV  
  13  0:13  SCV  
  14  0:18  Supply Depot  
  14  0:25  SCV  
  15  0:34  Refinery  
  15  0:54  Barracks  
  15  0:55  SCV  
  16  1:07  SCV  
  17  1:20  SCV  
  18  1:32  SCV  
  19  1:43  Reaper  
  19  1:44  Orbital Command  
  20  1:54  Command Center  
  20  2:11  SCV  
  21  2:16  Factory  
  21  2:26  SCV  
  21  2:27  Barracks Reactor  
  21  2:28  Supply Depot  
  22  2:36  Refinery  
  22  2:38  SCV  
  23  2:50  SCV  
  24  3:05  SCV  
  25  3:12  Starport  
  24  3:14  Hellion x2  
  24  3:15  Barracks Tech Lab  
  24  3:19  Orbital Command  
  28  3:20  SCV  
  29  3:32  SCV  
  30  3:35  Stimpack  
  30  3:36  Hellion x2  
  34  3:45  SCV x2  
  36  3:49  Starport Tech Lab  
  36  3:50  Supply Depot  
  36  3:56  Marine  
  36  3:57  SCV x2  
  36  4:01  Widow Mine x2  
  43  4:11  Banshee  
  43  4:12  Cloaking Field  
  43  4:15  SCV x2  
  43  4:16  Engineering Bay  
  40  4:39  Widow Mine x2  
  44  4:47  Marauder  
  44  4:51  Barracks x2  
  44  4:52  Barracks  
  46  4:53  SCV x2  
  46  4:55  Barracks  
  48  5:05  Widow Mine x2  
  52  5:10  Marauder  
  53  5:22  SCV  
  53  5:23  SCV  
  40  5:39  SCV x2  
  40  5:41  Refinery  
  42  5:43  Refinery  
  42  6:00  Barracks Reactor, Barracks Tech Lab  
  42  6:03  Medivac, Widow Mine x2  
  48  6:05  Barracks Tech Lab  
  48  6:10  SCV x2  
  50  6:15  Marauder  
  52  6:20  Marine  
  52  6:22  SCV  
  54  6:27  Supply Depot x2  
  54  6:28  SCV, Supply Depot  
  54  6:30  Supply Depot  
  55  6:36  Marine  
  56  7:00  Marauder x3, Marine x2  
  56  7:01  Medivac  
  66  7:02  Widow Mine  
  66  7:03  Widow Mine  
  70  7:20  Marine x2, SCV x2  
  70  7:21  Marine  
  70  7:22  Starport  
  75  7:28  Marine  
  75  7:29  Marine  
  74  7:31  Medivac  
  76  7:39  Marauder  
  76  7:43  Marine x2, SCV  
  76  7:44  SCV  
  82  7:47  Marauder, Barracks Tech Lab  
  84  7:51  Barracks  
  84  7:55  Concussive Shells, Combat Shield, SCV  
  84  7:56  Marine, SCV  
  87  8:00  Marine x2  
  87  8:01  Marine  
  90  8:12  Marine x2  
  92  8:14  Marine  
  86  8:31  Marauder x3, Marine x2  
  86  8:33  Marauder  
  93  8:58  Widow Mine  
  93  9:05  Marine  
  94  9:11  Supply Depot  
  94  9:13  Terran Infantry Weapons Level 1  
  94  9:14  Medivac x2, Marauder x2, Marine x2  
  94  9:15  Marauder, Widow Mine  
  94  9:16  Supply Depot  
  108  9:17  Supply Depot  
  108  9:19  Widow Mine  
  110  9:36  Widow Mine  
  110  9:38  Marauder x3, Marine x2  
  115  9:39  Marauder  
  119  9:52  Starport Reactor  
  119  9:56  Marine x2  
  119  9:59  Marauder, Marine  
  124  10:00  Medivac  
  123  10:30  Medivac  
  123  10:31  Marauder x4, Marine x2  
  123  10:33  Medivac x2  
  139  10:36  Widow Mine  
  141  10:45  Widow Mine  
  141  10:49  Marine x2  
  135  10:59  Marauder x3, Marine  
  141  11:07  Marine  
  142  11:22  Marine  
  142  11:23  Supply Depot  
  142  11:24  Supply Depot  
  142  11:25  Supply Depot x2  
  142  11:26  Supply Depot  
  142  11:29  Marine  
  142  11:31  Marauder  
  142  11:34  Marauder  
  142  11:36  Marauder  
  122  11:49  Marauder  
  122  11:52  Marauder  
  117  12:08  Marine  
  117  12:09  Marine x3  
  121  12:23  SCV x2  
  123  12:35  SCV  
  123  12:36  SCV  
  125  12:47  SCV  
  124  13:06  Marine  
  124  13:07  Marine x2  
Show
View Real Time Build Order
Export as new Build Order

AzmoDheus Terran - Winner!

Build Orders:  

Get SALT Encoding   

  12  0:05  SCV  
  13  0:17  SCV  
  14  0:23  Supply Depot  
  14  0:29  SCV  
  14  0:31  Refinery  
  15  0:44  SCV  
  16  0:50  Barracks  
  16  0:56  SCV  
  17  1:08  SCV  
  18  1:21  SCV  
  18  1:25  Refinery  
  19  1:33  SCV  
  20  1:42  Supply Depot  
  20  1:43  Barracks Tech Lab  
  20  1:49  Orbital Command  
  20  2:01  Marine  
  20  2:05  Stimpack  
  21  2:19  Factory  
  21  2:20  SCV  
  22  2:26  Marine  
  23  2:32  SCV  
  25  2:44  Marine, SCV  
  25  2:45  Command Center  
  26  2:56  SCV  
  27  3:02  Marine  
  28  3:08  SCV  
  28  3:10  Factory Reactor  
  28  3:12  Starport  
  29  3:19  Marine  
  30  3:37  SCV  
  31  3:56  Marine  
  31  3:57  SCV  
  31  4:02  Orbital Command  
  33  4:05  Factory Tech Lab  
  33  4:09  Supply Depot  
  33  4:10  Concussive Shells  
  33  4:12  Medivac x2  
  33  4:14  Marine  
  33  4:17  Engineering Bay, SCV  
  39  4:21  Supply Depot  
  39  4:25  Siege Tank  
  39  4:29  SCV  
  43  4:33  Supply Depot  
  43  4:41  Medivac, SCV  
  43  4:42  Medivac  
  43  4:43  Orbital Command  
  48  4:47  Marine  
  49  4:57  Barracks, Terran Infantry Weapons Level 1  
  49  5:05  Marine  
  50  5:17  Medivac  
  52  5:23  Marine  
  53  5:58  Barracks Reactor  
  53  6:00  Barracks  
  53  6:13  Liberator  
  53  6:14  Liberator  
  53  6:19  Marine  
  54  6:32  Siege Tank  
  63  6:37  Marine  
  62  6:55  Marine, SCV  
  62  6:58  SCV  
  65  7:07  SCV  
  65  7:08  Siege Tank  
  69  7:09  Barracks Reactor  
  69  7:11  SCV  
  69  7:13  Barracks  
  70  7:43  Refinery  
  70  7:45  Refinery  
  70  7:58  Liberator  
  70  8:01  Barracks  
  70  8:15  SCV  
  70  8:19  Marine x2, SCV  
  70  8:21  Marine  
  69  8:27  SCV  
  70  8:48  Marine  
  70  8:50  SCV  
  70  8:51  Marine  
  70  8:52  SCV  
  70  8:53  Marine  
  70  9:10  Marine  
  70  9:11  Marine  
  70  9:13  Marine x2  
  70  9:15  Marine  
  69  9:20  Siege Tank  
  66  9:25  Barracks Tech Lab  
  66  9:27  Barracks Tech Lab  
  66  9:28  Marine  
  66  9:29  Marine  
  66  9:31  Marine x2  
  68  9:32  Marine  
  68  9:34  Engineering Bay  
  70  10:02  Combat Shield  
  70  12:11  Marine x5, Siege Tank, SCV  
  70  12:12  Marauder  
  81  12:23  SCV  
  81  12:29  Marauder, Marine x4  
  88  12:33  Marauder  
  88  12:35  SCV  
  91  12:43  Siege Tank  
  94  12:48  Marine, SCV  
  94  12:50  Marine  
  94  12:55  Marauder, Marine  
  94  13:17  Marine x2  
  94  13:18  Marine x2  
Show
View Real Time Build Order
Export as new Build Order

OpuS Protoss 

Build Orders:  

Get SALT Encoding   

  12  0:01  Probe  
  13  0:13  Probe  
  14  0:23  Pylon  
  14  0:25  Probe  
  15  0:40  Probe  
  16  0:46  Gateway  
  16  0:48  Probe  
  16  0:56  Probe, Assimilator  
  18  1:07  Probe  
  18  1:09  Gateway  
  19  1:20  Probe  
  19  1:24  Pylon  
  20  1:37  Probe  
  20  1:41  Cybernetics Core  
  20  1:45  Probe  
  20  1:47  Assimilator  
  22  1:55  Probe  
  23  2:05  Pylon  
  23  2:07  Probe, Warp Gate  
  24  2:18  Adept x2  
  27  2:25  Gateway  
  27  2:57  Stalker x2  
  31  3:23  Nexus  
  31  3:24  Pylon  
  31  3:25  Twilight Council  
  31  3:32  Adept  
  33  3:35  Sentry  
  33  3:38  Sentry  
  37  3:54  Probe  
  38  4:06  Probe  
  39  4:10  Charge  
  39  4:13  Adept x2  
  39  4:14  Adept  
  45  4:22  Probe  
  46  4:32  Robotics Facility  
  46  4:34  Probe x2  
  48  4:46  Probe  
  48  4:47  Probe  
  50  4:54  Pylon  
  50  4:58  Probe  
  51  5:05  Adept  
  51  5:06  Adept x2  
  57  5:17  Probe  
  57  5:18  Probe  
  57  5:20  Observer  
  46  5:43  Stalker x3  
  46  5:45  Probe x2  
  46  5:47  Observer  
  49  5:50  Assimilator  
  49  5:54  Assimilator  
  49  6:07  Stalker, Gateway  
  49  6:08  Stalker x2  
  49  6:09  Observer  
  56  6:23  Probe x2  
  58  6:35  Probe x2  
  60  6:41  Stalker  
  60  6:42  Stalker x2  
  66  6:47  Probe x2  
  66  6:49  Pylon  
  66  6:51  Pylon, Observer  
  65  6:59  Probe x2  
  64  7:11  Probe x2  
  64  7:12  Stalker x3  
  66  7:23  Probe  
  66  7:24  Probe  
  67  7:30  Observer  
  67  7:32  Stalker  
  67  7:35  Probe  
  67  7:36  Probe  
  72  7:47  Probe  
  72  7:48  Probe  
  72  7:49  Blink  
  74  7:52  Observer  
  75  7:59  Probe  
  75  8:00  Probe  
  75  8:02  Zealot x2  
  75  8:03  Zealot  
  75  8:05  Zealot  
  85  8:12  Probe  
  84  8:32  Zealot x2  
  86  8:47  Pylon x2  
  86  8:49  Pylon  
  86  8:51  Pylon  
  86  8:53  Pylon  
  86  9:13  Gateway  
  86  9:15  Gateway  
  86  9:17  Gateway  
  86  9:19  Gateway  
  84  9:27  Stalker x3  
  84  9:28  Stalker  
  83  9:44  Probe  
  83  9:45  Probe  
  85  9:47  Gateway  
  85  9:57  Probe  
  86  10:01  Templar Archives  
  86  10:11  Zealot  
  86  10:12  Zealot x2  
  86  10:14  Zealot  
  94  10:22  Nexus  
  94  10:24  Pylon  
  94  10:32  Pylon  
  94  10:34  Assimilator  
  94  10:37  Assimilator  
  79  10:55  Zealot x5  
  79  10:56  Zealot  
  89  11:14  Psionic Storm  
  89  11:22  Probe x2  
  91  11:34  Probe x2  
  85  11:48  High Templar  
  85  11:49  High Templar x4  
  85  11:50  High Templar x2  
  85  11:52  Probe x3  
  98  12:04  Probe x3  
  98  12:08  Zealot  
  81  12:16  Probe x3  
  81  12:22  Gateway  
  84  12:24  Gateway  
  84  12:25  Gateway  
  84  12:27  Gateway  
  84  12:28  High Templar x2  
  84  12:29  Zealot x5  
  98  12:33  Pylon  
  98  12:35  Pylon  
  69  12:59  Archon x2  
  69  13:02  Zealot x2  
  69  13:04  Zealot x5  
  69  13:05  Zealot  
Show
View Real Time Build Order
Export as new Build Order

Sketchaphone Zerg 

Build Orders: Hatch First 

Get SALT Encoding   

  12  0:01  Drone  
  13  0:15  Overlord  
  13  0:23  Drone  
  13  0:27  Extractor  
  13  0:28  Drone  
  14  0:34  Drone  
  16  0:37  Drone  
  17  1:01  Hatchery, Drone  
  17  1:05  Drone, Extractor  
  17  1:12  Drone  
  18  1:26  Spawning Pool  
  18  1:31  Drone  
  18  1:57  Hatchery  
  17  2:05  Drone  
  18  2:14  Metabolic Boost  
  18  2:16  Queen  
  20  2:24  Zergling x4  
  22  2:38  Spine Crawler, Drone  
  23  2:52  Extractor  
  23  2:55  Drone  
  23  2:56  Zergling x8  
  27  3:01  Drone  
  28  3:11  Spine Crawler  
  27  3:13  Extractor  
  27  3:19  Drone  
  28  3:21  Extractor  
  28  3:32  Lair  
  28  3:36  Overlord  
  28  3:37  Overlord  
  28  3:41  Overlord  
  28  3:43  Overlord  
  28  3:54  Queen  
  30  4:03  Zergling x2  
  31  4:12  Drone x2  
  31  4:13  Overlord  
  31  4:14  Zergling x2  
  31  4:15  Zergling x6  
  31  4:16  Drone  
  38  4:23  Zergling x2  
  39  4:36  Drone x2  
  39  4:37  Overlord  
  39  4:38  Zergling x2, Drone  
  43  4:50  Drone  
  43  4:51  Hydralisk Den, Drone x2, Extractor  
  44  4:55  Drone  
  45  5:05  Drone  
  45  5:07  Drone  
  47  5:16  Drone x2  
  47  5:17  Drone  
  47  5:19  Overlord  
  44  5:38  Zergling x12  
  50  5:57  Hydralisk x3  
  50  6:02  Hatchery  
  55  6:04  Evolution Chamber  
  55  6:09  Drone  
  55  6:26  Grooved Spines  
  55  6:31  Overlord, Lurker Den  
  54  6:55  Overseer  
  54  6:56  Hydralisk x6  
  54  6:57  Hydralisk  
  68  7:07  Overlord  
  68  7:12  Drone  
  68  7:13  Overlord, Drone x2  
  68  7:15  Drone x3  
  74  7:17  Drone  
  75  7:26  Pneumatized Carapace  
  75  7:49  Muscular Augments  
  75  7:50  Zerg Missile Weapons Level 1  
  75  7:55  Evolution Chamber, Extractor  
  75  7:56  Extractor  
  72  7:59  Drone x2  
  72  8:00  Overlord, Drone x3  
  72  8:01  Queen  
  72  8:02  Drone x3  
  82  8:06  Hydralisk x2  
  63  8:24  Hydralisk  
  41  8:37  Hydralisk  
  42  8:52  Zergling x16  
  40  9:18  Hydralisk x2  
  44  9:33  Drone x7  
  51  9:39  Drone  
  51  9:44  Overlord x2  
  51  9:45  Overlord  
  52  10:05  Hatchery  
  48  10:25  Hydralisk x4  
  56  10:31  Spore Crawler  
  56  10:33  Spore Crawler  
  56  10:35  Spore Crawler, Hydralisk  
  55  10:37  Spore Crawler  
  41  11:08  Lurker  
  42  11:20  Lurker x2  
  44  12:45  Hatchery  
  43  13:04  Hatchery  
Tags
 
Add a new tag
Caveats
  • Supply blocks, unpowered buildings, or Contaminate may cause inaccurate times.
  • Supply counts are checked every 10 seconds.